 Dungeon Sprint DCSS version 0.29.1-2-gbd0b4ee654 (webtiles) character file.

Game seed: 8614020210525310502

150 Groucho the Unseen (level 5, -6/24 HPs)
             Began as a Felid Berserker on Nov 20, 2022.
             Was an Elder of Trog.
             Splashed by a jelly's acid (9 damage)
             ... in the Dungeon (Sprint VII: "The Pits").
             The game lasted 00:01:39 (1932 turns).

Groucho the Unseen (Felid Berserker)                Turns: 1932, Time: 00:01:40

Health: -6/24      AC: -15   Str: 15    XL:     5   Next: 10%
Magic:  6/6        EV: 18    Int:  8    God:    Trog [****..]
Gold:   0          SH:  0    Dex: 16    Spells: 4/4 levels left
                                        Lives:  0   Deaths: 1

rFire   . . .      SeeInvis +     - Unarmed
rCold   . . .      Faith    .   (shield unavailable)
rNeg    . . .      Spirit   .   (body armour unavailable)
rPois   .          Reflect  .   (helmet unavailable)
rElec   .          Harm     .   (cloak unavailable)
rCorr   .          Rampage  .   (gloves unavailable)
Will    .....      NoTele   +   (boots unavailable)
Stlth   ++++++....              (no amulet)
HPRegen 0.08/turn               (no ring)
MPRegen 0.10/turn               (no ring)

@: corroded, quick
A: very small, claws 1, fangs 3, see invisible, speed 1, shaggy fur 1, stealthy
paws, no weapons or thrown items, no armour, multi-lived
a: Renounce Religion, Berserk, Trog's Hand, Brothers in Arms


You were in the Dungeon.
You worshipped Trog.
Trog was greatly pleased with you.
You visited 1 branch

Inventory:

Scrolls
 f - a scroll of blinking
 h - a scroll of summoning
Potions
 a - 6 potions of curing
 b - 6 potions of heal wounds
 c - a potion of haste
 d - 4 potions of magic
 e - 3 potions of berserk rage
 g - 2 potions of invisibility


   Skills:
 - Level 3.0 Fighting
 - Level 4.0 Dodging
 + Level 16.3 Stealth
 - Level 3.0 Unarmed Combat


You had 4 spell levels left.
You didn't know any spells.
Your spell library was empty.

Dungeon Overview and Level Annotations

Branches:
Dungeon (1/1)

Altars:
Ashenzari
Cheibriados
Dithmenos
Elyvilon
Fedhas
Gozag
Hepliaklqana
Kikubaaqudgha
Makhleb
Nemelex Xobeh
Okawaru
Qazlal
Ru
Sif Muna
Trog
Uskayaw
Vehumet
Wu Jian
Xom
Yredelemnul
Zin
The Shining One
Jiyva
Lugonu


Innate Abilities, Weirdness & Mutations

You have sharp claws.
You have razor-sharp teeth.
You have supernaturally acute eyesight. (SInv)
You cover ground quickly. (Speed+)
You are covered in fur. (AC +1)
Your paws help you pounce on unaware monsters.
You are incapable of wielding weapons or throwing items.
You cannot wear armour.
You gain extra lives every three experience levels.


Message History

There is an open door, spattered with blood here.
Things that are here:
a +0 shortbow; a centaur skeleton A jelly comes into view.
The jelly moves out of view.
Things that are here:
a jackal skeleton; a jackal skeleton; a ball python skeleton You see here the felid skeleton of Groucho.
There is an open door here.
You see here the felid skeleton of Groucho.
The jelly quivers.
Things that are here:
a jackal skeleton; a jackal skeleton; a ball python skeleton The jelly misses you.
You see here the felid skeleton of Groucho.
The crimson imp shouts!
You scratch the jelly.
Your paws burn!
The jelly is lightly wounded.
The jelly hits you but does no damage.
You scratch the jelly. The acid corrodes you!
Your paws burn!
The jelly is heavily wounded.
The jelly hits you. The acid corrodes you!
You are splashed with acid.
The crimson imp blinks!
You scratch the jelly. The acid corrodes you!
Your paws burn!
The jelly is almost dead.
The jelly closely misses you.
You are too injured to fight recklessly!
You are too injured to fight recklessly!
You scratch the jelly but do no damage.
Your paws burn!
The jelly is almost dead.
The jelly misses you.
Unknown command.
Unknown command.
You scratch the jelly but do no damage. The acid corrodes you!
Your paws burn!
* * * LOW HITPOINT WARNING * * *
The jelly is almost dead.
The jelly hits you.
* * * LOW HITPOINT WARNING * * *
The acid corrodes you!
You are splashed with acid!
You die...

##########.##.....
#...........'.....
#)#####'#####.....
#.#..#..#..##.....
#.#..').'..#####'#
#.##+####'###.....
#.#........##.....
#รท#....)...##.....
#@#####'#####...<.
#J#..[)))..##.....
#.#..[)))..##.....
#5###########.....
#...5...# ######
#...#...# #...# .#
#.##. #.. #.


You could see a jelly and a crimson imp.

Vanquished Creatures
  A floating eye (D)
  A crimson imp (D)
  2 endoplasms (D)
  2 goblins (D)
  6 jackals (D)
  A ball python (D)
  2 ball python zombies (D)
  A frilled lizard (D)
16 creatures vanquished.

Vanquished Creatures (collateral kills)
  A centaur (D)
1 creature vanquished.

Grand Total: 17 creatures vanquished

Notes
Turn   | Place    | Note
-------+----------+-------------------------------------------
     0 | D        | Groucho the Felid Berserker began the quest for the Orb.
     0 | D        | Reached XP level 1. HP: 10/10 MP: 2/2
    11 | D        | Reached skill level 2 in Stealth
    35 | D        | Found a bloodstained altar of Trog.
    35 | D        | Found a shimmering blue altar of Sif Muna.
    35 | D        | Found a viscous altar of Jiyva.
    35 | D        | Found a hazy altar of Hepliaklqana.
    35 | D        | Found an opulent altar of Gozag.
    36 | D        | Found a glowing golden altar of the Shining One.
    36 | D        | Found a glowing silver altar of Zin.
    36 | D        | Found a basalt altar of Yredelemnul.
    36 | D        | Found a shimmering altar of Xom.
    36 | D        | Found an ornate altar of the Wu Jian Council.
    36 | D        | Found a sacrificial altar of Ru.
    36 | D        | Found a stormy altar of Qazlal.
    36 | D        | Found an iron altar of Okawaru.
    36 | D        | Found a sparkling altar of Nemelex Xobeh.
    36 | D        | Found a burning altar of Makhleb.
    36 | D        | Found a blossoming altar of Fedhas.
    36 | D        | Found a white marble altar of Elyvilon.
    36 | D        | Found a shadowy altar of Dithmenos.
    36 | D        | Found a snail-covered altar of Cheibriados.
    39 | D        | Found a corrupted altar of Lugonu.
    39 | D        | Found a radiant altar of Vehumet.
    40 | D        | Found an ancient bone altar of Kikubaaqudgha.
    40 | D        | Found a hide-covered altar of Uskayaw.
    40 | D        | Found a broken altar of Ashenzari.
    62 | D        | Reached skill level 3 in Stealth
   445 | D        | Reached ** piety under Trog
   446 | D        | Reached skill level 4 in Stealth
  1183 | D        | Reached skill level 5 in Stealth
  1189 | D        | Reached *** piety under Trog
  1190 | D        | Reached XP level 2. HP: 10/14 MP: 3/3
  1468 | D        | Noticed a floating eye
  1468 | D        | Noticed a crimson imp
  1470 | D        | Killed a floating eye
  1471 | D        | Reached skill level 13 in Stealth
  1471 | D        | Reached XP level 3. HP: 17/17 MP: 4/4
  1471 | D        | Reached XP level 4. HP: 21/21 MP: 5/5
  1474 | D        | Reached **** piety under Trog
  1475 | D        | Reached skill level 14 in Stealth
  1475 | D        | Reached XP level 5. HP: 24/24 MP: 6/6
  1528 | D        | Noticed a centaur
  1532 | D        | Shot with an arrow by a centaur
  1533 | D        | Reached XP level 4. HP: 0/21 MP: 5/5
  1551 | D        | Killed a centaur
  1552 | D        | Reached skill level 16 in Stealth
  1552 | D        | Reached XP level 5. HP: 13/24 MP: 6/6
  1932 | D        | Splashed by a jelly's acid

Illustrated notes

Levels and vault maps discovered:
D:        pitsprint [storerooms_1, entrance_room_1, metal_vault_4, armoury_1,
          mini_pit_1, grid_room_1, main_hall_1, silver_pit, the_coven_1,
          the_vestibule_1, steel_vault_2, golden_pit, hallway_of_sentries,
          crystal_vault_4, iron_vault_4, final_vault]

Skill      XL: |  1  2  3  4 |
---------------+-------------+-----
Stealth        | 5 13 16 | 16.3
Fighting       | |  3.0
Dodging        | |  4.0
Unarmed Combat | |  3.0

Action                   |  1- 3 |  4- 6 || total
-------------------------+-------+-------++-------
Melee: Unarmed           |    24 |    20 ||    44
       Bite              |     2 |     3 ||     5
Invok: Trog's Hand       |     1 |     1 ||     2
       Brothers in Arms  |       |     1 ||     1
 Stab: Sleeping          |     2 |     3 ||     5
Armor: Skin              |       |     2 ||     2
Dodge: Dodged            |    13 |    17 ||    30
